 Dungeon Crawl Stone Soup version 0.24-a0-201-gf205589 (webtiles) character file.

Game seed: 15069477575465200544

4760 Ijustatesigmund the Basher (level 10, 0/67 HPs)
             Began as an Octopode Monk on Mar 21, 2019.
             Was an Elder of Ashenzari.
             Slain by a yak (17 damage)
             ... on level 9 of the Dungeon.
             The game lasted 00:21:13 (9385 turns).

Ijustatesigmund the Basher (Octopode Monk)          Turns: 9385, Time: 00:21:13

Health: 0/67       AC: 11    Str: 16    XL:     10   Next: 46%
Magic:  10/10      EV: 17    Int: 13    God:    Ashenzari [****..]
Gold:   235        SH:  0    Dex: 17    Spells: 5/9 levels left

rFire    . . .     SeeInvis +   g - +2 morningstar (protect) (curse)
rCold    . . .     Gourm    .   (no shield)
rNeg     . . .     Faith    .   (helmet restricted)
rPois    .         Spirit   .   (no amulet)
rElec    .         Reflect  .   i - +3 ring of protection
rCorr    .         Harm     .   (no ring)
MR       .....     Clarity  +   (no ring)
Stlth    +++++.....             (no ring)
HPRegen  0.21/turn              (no ring)
MPRegen  0.12/turn              (no ring)
                                (no ring)
                                (no ring)

@: mighty, protection aura
A: almost no armour, stealthy swim, amphibious, 8 rings, constrict 8, camouflage
1, blurry vision 1, clarity, gelatinous body 1
a: Curse Item, Scrying, Renounce Religion


You were on level 9 of the Dungeon.
You worshipped Ashenzari.
Ashenzari was greatly pleased with you.
You were not hungry.

You visited 2 branches of the dungeon, and saw 10 of its levels.
You also visited: Sewer.

You collected 472 gold pieces.
You spent 237 gold pieces at shops.

Inventory:

Hand Weapons
 a - a +1 hand axe
 g - a cursed +2 morningstar of protection (weapon)
 w - a cursed +4 morningstar
Missiles
 c - 52 sling bullets
 j - 5 steel javelins (quivered)
Jewellery
 i - a +3 ring of protection (left tentacle)
 x - an uncursed amulet of guardian spirit
 y - an uncursed ring of ice
Wands
 s - a wand of polymorph (13)
 v - a wand of digging (8)
Scrolls
 e - 2 scrolls of teleportation
 q - 5 scrolls of remove curse
 u - a scroll of magic mapping
Potions
 d - a potion of magic
 f - 3 potions of might
 k - a potion of ambrosia
 l - a potion of invisibility
 m - a potion of haste
 n - 2 potions of brilliance
 o - 3 potions of agility
 p - 3 potions of curing
 r - a potion of degeneration {unknown}
 t - a potion of resistance {unknown}
Comestibles
 b - 11 rations
 h - a chunk of flesh


   Skills:
 + Level 5.6 Fighting
 - Level 5.3(7.9) Axes
 - Level 9.0(12.8) Maces & Flails
 + Level 5.5 Dodging
 - Level 6.9 Stealth
 - Level 3.7 Transmutations
 - Level 7.8 Poison Magic


You had 5 spell levels left.
You knew the following spells:

 Your Spells              Type           Power        Failure   Level  Hunger
a - Beastly Appendage     Tmut           #.....       7%          1    ##.....
b - Spider Form           Tmut/Pois      ###.......   9%          3    ####...

Your spell library contained the following spells:

 Spells                   Type           Power        Failure   Level  Hunger
 Sticks to Snakes         Tmut           #.......     10%         2    ###....
 Animate Skeleton         Necr           N/A          30%         1    ##.....
 Pain                     Necr           #...         30%         1    ##.....
 Shock                    Conj/Air       #...         30%         1    ##.....
 Regeneration             Chrm/Necr      #.........   67%         3    ####...
 Vampiric Draining        Necr           #.........   67%         3    ####...
 Ice Form                 Ice/Tmut       #.......     82%         4    #####..
 Blade Hands              Tmut           #.........   88%         5    ######.
 Animate Dead             Necr           N/A          97%         4    #####..


Dungeon Overview and Level Annotations

Branches:
Dungeon (9/15)             Temple (1/1) D:7            Lair (0/6) D:9
    Orc: D:9-12

Altars:
Ashenzari
Cheibriados
Dithmenos
Elyvilon
Fedhas
Gozag
Hepliaklqana
Kikubaaqudgha
Makhleb
Nemelex Xobeh
Okawaru
Qazlal
Ru
Sif Muna
Trog
Uskayaw
Vehumet
Wu Jian
Xom
Yredelemnul
Zin
The Shining One

Shops:
D:5 !   D:7 *   D:9 (


Innate Abilities, Weirdness & Mutations

You cannot wear most types of armour.
You are very stealthy in the water. (Stealth+)
You are amphibious.
You can wear up to eight rings at the same time.
You can use your tentacles to constrict eight enemies at once.
Your skin changes colour to match your surroundings (Stealth+).
Your rubbery body absorbs attacks. (AC +1, EV +1)
Scrolls take you a little longer to read.
You possess an exceptional clarity of mind.


Message History

The yak gores you but does no damage. The yak gores you.
You hit the yak.
The yak is lightly wounded.
The yak gores you! x2
You sock the yak! You squeeze the yak.
The yak is heavily wounded.
The yak closely misses you. The yak barely misses you.
You hit the yak.
The yak is heavily wounded.
The yak gores you but does no damage.
You hit the yak. You squeeze the yak, but do no damage.
The yak is heavily wounded.
The yak gores you! x2
* * * LOW HITPOINT WARNING * * *
Okay, then.
You feel better. The yak barely misses you.
The yak gores you but does no damage.
You feel very mighty all of a sudden. The yak gores you!
You die...

####.........#...##..##.#
.#*##....................** ...
..#......###.........
..#.,*#......##...^...... * , .##
#*#..........##....## ,,,
..#.####..........#......,, , ,
..#.........(..........[.,,, ,, *
.................†....... ,*
...........##...@Y##.....,,,, *
.#...............Y.......% .#.#
.##.#...................... .#.##
.##.##Y....#..............##.....
.##..#Z5.≈.≈.≈............#......
.....5Y#≈##+##≈.................#
#..##.## *{{,##...........g......
##.#### *{* *#.........gO)g.....
##.# ** * {{, #..........#†..#,


You could see 2 yaks.

Vanquished Creatures
  A two-headed ogre (D:8)
  A hippogriff (D:8)
  2 yaks (D:9)
  A steam dragon (D:8)
  A black bear (D:7)
  An orc warrior (D:7)
  An ice beast (D:7)
  4 ogres
  A phantom (D:8)
  8 big kobolds
  6 bullfrogs
  A gnoll sergeant (D:9)
  3 scorpions
  5 wights (D:7)
  2 howler monkeys (D:7)
  4 electric eels (D:6)
  A bullfrog zombie (D:6)
  A jelly (D:8)
  2 bullfrog skeletons
  6 hounds
  2 orc priests
  7 orc wizards
  3 iguanas
  5 worker ants
  A hound zombie (D:9)
  A worker ant zombie (D:6)
  13 adders
  8 gnolls
  8 river rats
  A shadow imp (D:9)
  An adder skeleton (D:9)
  2 worms
  3 dart slugs
  8 leopard geckos
  16 orcs
  6 ball pythons
  11 giant cockroaches
  40 goblins
  23 hobgoblins
  5 jackals
  18 kobolds
  7 quokkas
  8 bats
  4 frilled lizards
  A leopard gecko zombie (D:7)
  26 rats
280 creatures vanquished.

Notes
Turn   | Place    | Note
-------+----------+-------------------------------------------
     0 | D:1      | Ijustatesigmund the Octopode Monk began the quest for the
                  | Orb.
     0 | D:1      | Reached XP level 1. HP: 16/16 MP: 1/1
    54 | D:1      | Reached XP level 2. HP: 14/21 MP: 2/2
   453 | D:1      | Reached XP level 3. HP: 26/26 MP: 3/3
   642 | D:2      | Found a blossoming altar of Fedhas.
   685 | D:2      | Gained mutation: Scrolls take you a little longer to read.
                  | [potion of mutation]
   685 | D:2      | Gained mutation: You possess an exceptional clarity of
                  | mind. [potion of mutation]
   920 | D:2      | Found a sacrificial altar of Ru.
   939 | D:2      | Reached XP level 4. HP: 30/31 MP: 4/4
  1484 | D:3      | You fall through a shaft for 3 floors!
  1605 | D:6      | Noticed a big kobold
  1605 | D:6      | Noticed a big kobold
  1605 | D:6      | Noticed a big kobold
  1605 | D:6      | Noticed a big kobold
  1619 | D:6      | Killed a big kobold
  1619 | D:6      | Reached XP level 5. HP: 15/37 MP: 5/5
  1621 | D:6      | Killed a big kobold
  1621 | D:6      | Reached XP level 6. HP: 18/43 MP: 6/6
  1623 | D:6      | Reached skill level 5 in Stealth
  2080 | D:6      | Reached XP level 7. HP: 46/49 MP: 7/7
  2157 | D:5      | Entered Level 5 of the Dungeon
  2423 | D:5      | Reached skill level 5 in Fighting
  2497 | D:5      | Found Empatoe's Distillery.
  2507 | D:5      | Bought a potion of heal wounds for 75 gold pieces
  2610 | D:5      | Found a radiant altar of Vehumet.
  2610 | D:5      | Found a white marble altar of Elyvilon.
  2615 | D:5      | Reached skill level 5 in Axes
  2615 | D:5      | Reached skill level 5 in Dodging
  2906 | D:5      | Found a shattered altar of Ashenzari.
  3040 | D:5      | Reached XP level 8. HP: 53/55 MP: 8/8
  3239 | D:5      | Became a worshipper of Ashenzari the Shackled
  3239 | D:5      | Reached * piety under Ashenzari
  3239 | D:5      | Reached ** piety under Ashenzari
  3391 | D:4      | Found a glowing drain.
  3461 | Sewer    | Entered a sewer
  3833 | Sewer    | Reached skill level 1 in Maces & Flails
  3844 | Sewer    | Learned a level 1 spell: Beastly Appendage
  3862 | Sewer    | Reached skill level 2 in Maces & Flails
  3862 | Sewer    | Reached skill level 1 in Transmutations
  4049 | Sewer    | Reached skill level 3 in Maces & Flails
  4491 | D:4      | Found a deep blue altar of Sif Muna.
  4508 | D:4      | Reached skill level 4 in Maces & Flails
  4509 | D:4      | Identified Sif Muna's Disquisition on Flight
  4783 | D:3      | Found a shimmering altar of Xom.
  4838 | D:3      | Learned a level 3 spell: Spider Form
  5548 | D:6      | Reached skill level 1 in Poison Magic
  5548 | D:6      | Reached XP level 9. HP: 61/61 MP: 9/9
  5636 | D:6      | Reached skill level 5 in Maces & Flails
  6159 | D:6      | Reached *** piety under Ashenzari
  6712 | D:7      | Found a staircase to the Ecumenical Temple.
  6727 | Temple   | Entered the Ecumenical Temple
  7002 | D:7      | Reached skill level 6 in Maces & Flails
  7030 | D:7      | Found Beossug's Assorted Antiques.
  7033 | D:7      | Bought a scroll labeled PAGUGG QAITZOGI for 27 gold pieces
  7033 | D:7      | Bought a coral ring for 135 gold pieces
  7112 | D:7      | Reached skill level 5 in Poison Magic
  7874 | D:8      | Reached skill level 7 in Maces & Flails
  7899 | D:8      | Reached **** piety under Ashenzari
  8196 | D:8      | Noticed a two-headed ogre
  8213 | D:8      | Killed a two-headed ogre
  8213 | D:8      | Reached XP level 10. HP: 37/66 MP: 10/10
  8344 | D:8      | Reached skill level 8 in Maces & Flails
  8836 | D:9      | Found a staircase to the Lair.
  9066 | D:9      | Found Zyuheku's Weapon Boutique.
  9094 | D:9      | Noticed a two-headed ogre
  9095 | D:9      | Reached skill level 9 in Maces & Flails
  9385 | D:9      | Slain by a yak

Levels and vault maps discovered:
D:1:      scummos_arrival_checkerplants, layout_rooms, hex_tiny
D:2:      layout_basic, nicolae_ru_awakened_eye, fedhas_altar_1
D:3:      layout_loops_ring, old_standard_altar, first_ration,
          minmay_misc_feat_four_crosses
D:4:      layout_loops_ring, led_sif_book, portal_sewer_entry_a
D:5:      layout_loops_cross, nicolae_ashenzari_panopticon,
          chequers_temple_overflow_statue_of_worship, serial_shops,
          nicolae_shop_trees, serial_bayou_lake_a
D:6:      minmay_goblin_kobold_castle, layout_basic,
          chequers_serial_rivers_micro_b
D:7:      layout_loops_corners, minmay_temple_entry_butterflies, serial_shops,
          kennysheep_mini
D:8:      layout_gridville
D:9:      layout_cave_pools, lair_entry_dummy, serial_shops, shop,
          hangedman_little_slice_of_home
Temple:   regret_index_temple_generic_petals
Sewer:    sewer_minmay_treatment

Skill      XL: |  1  2  3  4  5  6  7  8  9 10 |
---------------+-------------------------------+-----
Stealth        | 3 4 5 6 |  6.9
Fighting       | 4 5 |  5.6
Dodging        | 4 5 |  5.5
Axes           | 4 5 |  5.3
Maces & Flails | 4 7 9 |  9.0
Transmutations | 3 |  3.7
Poison Magic   | 1 7 |  7.8

Action                   |  1- 3 |  4- 6 |  7- 9 | 10-12 || total
-------------------------+-------+-------+-------+-------++-------
Melee: Hand axe          |    70 |    71 |   105 |       ||   246
       Constrict         |    25 |    19 |    83 |    10 ||   137
       Tentacles         |     8 |    10 |    86 |    11 ||   115
       Morningstar       |       |       |   291 |    63 ||   354
       Kick              |       |       |     4 |       ||     4
       Unarmed           |       |       |       |     3 ||     3
Throw: Javelin           |       |       |     6 |     1 ||     7
 Cast: Beastly Appendage |       |       |     1 |       ||     1
       Spider Form       |       |       |       |     1 ||     1
Invok: Curse Item        |       |       |     2 |       ||     2
  Use: Scroll            |     4 |     1 |    14 |     2 ||    21
       Potion            |     1 |     4 |     3 |     4 ||    12
 Stab: Sleeping          |     6 |     6 |    43 |     4 ||    59
       Distracted        |       |     1 |     1 |     1 ||     3
       Invisible         |       |       |     1 |       ||     1
  Eat: Chunk             |       |     1 |    18 |     2 ||    21
       Ration            |       |     1 |       |     1 ||     2
Armor: Skin              |    17 |     9 |    83 |    10 ||   119
Dodge: Dodged            |    51 |    77 |   322 |    42 ||   492

Table legend:
 A = Non-vault XP
 B = Vault XP
 C = Vault XP percentage of total XP
 D = Non-vault monster count
 E = Vault monster count
 F = Vault count percentage of total count
                 A         B        C        D         E       F
            +---------+---------+-------+---------+---------+-------
      Total |    5587 |    1213 |  17.8 |     166 |     114 |  40.7
            +---------+---------+-------+---------+---------+-------
        D:1 |      36 |       0 |   0.0 |      19 |       0 |   0.0
        D:2 |      95 |       0 |   0.0 |      24 |       0 |   0.0
        D:3 |      96 |       0 |   0.0 |      21 |       0 |   0.0
        D:4 |     267 |     140 |  34.4 |      12 |      10 |  45.5
        D:5 |     625 |       0 |   0.0 |      24 |       0 |   0.0
        D:6 |     706 |     541 |  43.4 |      14 |      56 |  80.0
        D:7 |     919 |       0 |   0.0 |      20 |       0 |   0.0
        D:8 |    1840 |       0 |   0.0 |      14 |       0 |   0.0
        D:9 |    1003 |       0 |   0.0 |      18 |       0 |   0.0
      Sewer |       0 |     532 | 100.0 |       0 |      48 | 100.0
            +---------+---------+-------+---------+---------+-------
